Unix NetHack Version 5.0.0-0 post-release - last build May  4 2026 22:22:43 (774f63e81ad911689b3a0859ea89b322d5daca8d,branch:main).

Game began 2026-05-10 13:20:55, ended 2026-05-10 17:31:25.

Kolin, lawful female dwarven Valkyrie

                                                        -------------
                                                       #-...........|
              |                                        #|.....<.....|
              |.F%.            #%###%%##%)#%############|...........|
              |                 '-------------         #|...........|
                                 |C.........C|         #|...........|
                                 |.....C.....|  ########-------------
                                 |...--.--...| ##
                                 |...|...|...| #
                                 |..C|{.{|C..| #
                                 |...|.{.|...| #
                                 |...-----...|##
                                 |.....C.....|#
                                 |C.........C.#
                                 -------------

Kolin the Fighter           St:18/01 Dx:12 Co:20 In:7 Wi:10 Ch:7  Lawful
Dlvl:7  $:0  HP:0(86) Pw:9(9) AC:4  Xp:7/869 T:4066 

Latest messages:
 The ogre hits!
 What do you want to use or apply? [dfkq-swxCKMYZ or ?*] s
 In what direction? 6
 Status of the ogre (chaotic, large):  Level 5  HP 24(24)  AC 5.
 You hit the ogre!
 The ogre swings her club.
 The ogre hits!
 What do you want to use or apply? [dfkq-swxCKMYZ or ?*] s
 In what direction? 6
 Status of the ogre (chaotic, large):  Level 5  HP 10(24)  AC 5.
 You miss the ogre.
 You kill the ogre!
 The ogre wields a club!
 The club welds itself to the ogre's hand!
 You miss the ogre.
 The ogre swings her club.
 The ogre hits!
 What do you want to use or apply? [dfkq-swxCKMYZ or ?*] s
 In what direction? 6
 Status of the ogre (chaotic, large):  Level 5  HP 18(18)  AC 5.
 You miss the ogre.
 The ogre swings her club.
 The ogre hits!
 What do you want to use or apply? [dfkq-swxCKMYZ or ?*] s
 In what direction? 6
 Status of the ogre (chaotic, large):  Level 5  HP 18(18)  AC 5.
 You kill the ogre!
 There is an ogre corpse here; eat it? [ynq] (n) y
 This ogre corpse is fatty.
 You finish eating the ogre corpse.
 You see here a dingo corpse.
 You see here a dingo corpse.
 You see here a baby long worm corpse.
 The rope golem hits!
 The rope golem hits again!
 The rope golem grabs you!
 You cannot escape from the rope golem!
 The rope golem hits!
 The rope golem misses!
 You are being choked.
 You miss the rope golem.
 What do you want to use or apply? [dfkq-swxCKMYZ or ?*] s
 In what direction? 2
 Status of the rope golem (neutral, large):  Level 4  HP 30(30)  AC 8, holding you.
 You hit the rope golem!
 The rope golem hits!
 The rope golem hits again!
 You are being choked.
 You die...
 Do you want your possessions identified? [ynq] (y) q

Inventory:
 Weapons  (')')
  B - 16 +0 darts
  E - 5 cursed +0 daggers
  a - a +1 dwarvish spear
  g - a +0 orcish dagger
  G - the blessed rustproof +0 Excalibur (weapon in right hand)
 Armor    ('[')
  h - an uncursed +0 orcish helm (being worn)
  c - a blessed burnt +3 small shield (being worn)
  A - an uncursed +0 leather armor (being worn)
 Comestibles  ('%')
  e - an uncursed slime mold
  t - an uncursed food ration
  L - a cursed food ration
 Wands    ('/')
  Y - a wand of digging (0:3)
  Z - a cursed wand of digging (0:4)
  K - a wand of magic missile (0:5)
  d - a cursed wand of polymorph (0:5)
  k - a wand of sleep (0:3)
 Tools    ('(')
  x - a cursed sack containing 1 item
  w - an uncursed blindfold named nc
  r - an expensive camera (0:43)
  q - an uncursed mirror
  M - an uncursed oil lamp
  f - an uncursed skeleton key
  s - an uncursed stethoscope
  C - an uncursed towel

Contents of the sack:
  892 gold pieces

Kolin the Valkyrie's attributes:

Background:
 You were a Fighter, a level 7 dwarven Valkyrie.
 You were lawful, on a mission for Tyr
 who was opposed by Odin (neutral) and Loki (chaotic).
 You were right-handed.
 You were in the Dungeons of Doom, on level 7.
 You entered the dungeon 4066 turns ago.
 You had 869 experience points, 411 more were needed to attain level 8.

Basics:
 You had 0 out of 86 hit points.
 You had all 9 energy points (spell power).
 Your armor class was 4.
 Your wallet was empty, but
 you had 892 zorkmids stashed away in your pack.
 Autopickup was on for '$"?!=/' plus thrown.

Final Characteristics:
 Your strength was 18/01 (limit:18/100).
 Your dexterity was 12 (limit:20).
 Your constitution was 20 (limit:20).
 Your intelligence was 7 (limit:16).
 Your wisdom was 10 (limit:16).
 Your charisma was 7 (limit:16).

Final Status:
 You were held by a rope golem (south).
 You weren't hungry.
 You were unencumbered.
 You were wielding a long sword.
 You had basic skill with long sword.

Final Attributes:
 You were piously aligned.
 You were cold resistant.
 You were poison resistant.
 You were level-drain resistant.
 You were telepathic.
 You had automatic searching.
 You had infravision.
 You were invisible.
 You were stealthy.
 You were warded.
 You were fast.
 You are dead.

Miscellaneous:
 You encountered 1 bones level.
 Total elapsed playing time was 3 hours, 21 minutes and 51 seconds.

Major events:
 Turn
    1: Kolin the lawful dwarven Valkyrie entered the dungeon
  666: entered the Gnomish Mines
 1223: attained the rank of Skirmisher (level 3)
 2232: attained the rank of Fighter (level 6)
 2730: reached Mine Town
 3433: was given Excalibur by the Lady of the Lake
 4066: killed by a rope golem

You didn't know any spells.

Skills:
 Fighting Skills
   bare handed combat [Unskilled]
   two weapon combat  [Unskilled]
   riding             [Unskilled]
 Weapon Skills
   dagger             [Basic]
   axe                [Unskilled]
   pick-axe           [Unskilled]
   short sword        [Unskilled]
   broadsword         [Unskilled]
   long sword         [Basic]
   two-handed sword   [Unskilled]
   saber              [Unskilled]
   hammer             [Unskilled]
   quarterstaff       [Unskilled]
   polearms           [Unskilled]
   spear              [Basic]
   trident            [Unskilled]
   lance              [Unskilled]
   sling              [Unskilled]
 Spellcasting Skills
   attack spells      [Unskilled]
   escape spells      [Unskilled]

Voluntary challenges:
 Character rerolling was not enabled.
 You never genocided any monsters.
 You never polymorphed an object.
 You never changed form.
 You used no wishes.
Achievements:
 You entered the Gnomish Mines.
 You attained the rank of Skirmisher.
 You attained the rank of Fighter.
 You entered Minetown.
 You entered a shop.

 The Dungeons of Doom: levels 1 to 7
    Level 1:
       A fountain, a sink.
    Level 2:
       A sink.
    Level 3:
       An armor shop, a grave.
       Stairs down to The Gnomish Mines.
    Level 4:
       A sink.
    Level 5:
       A grave.
    Level 6:
       Final resting place for
          BeardyHaddock-Arc-Dwa-Mal-Law, killed by a rope golem.
    Level 7: <- You were here.
       Many fountains.
       Oracle of Delphi.
       Final resting place for
          you, killed by a rope golem.
 The Gnomish Mines: levels 4 to 7
    Level 4:
    Level 5:
    Level 6:
    Level 7:
       An altar, some fountains.


Vanquished creatures:
  2 ghosts
  a water demon
  a quivering blob
  a baby long worm
  4 ogres
  a dingo
  a jaguar
  a rope golem
  a water nymph
  4 Mordor orcs
 an Uruk-hai
  3 yellow lights
  2 red naga hatchlings
  a ghoul
  a paper golem
  2 giant ants
  a floating eye
  a kobold leader
  2 hill orcs
  7 rothes
  2 rabid rats
  a monkey
  2 dwarf zombies
  a wererat
  3 iguanas
 an acid blob
  3 manes
  2 hobgoblins
  a cave spider
  a green mold
  a gnome zombie
  3 geckos
  a kobold
  5 goblins
  6 sewer rats
  6 grid bugs
  2 lichens
  a kobold zombie
  2 newts
82 creatures vanquished.

No species were genocided or became extinct.

Game over:
                       ----------
                      /          \
                     /    REST    \
                    /      IN      \
                   /     PEACE      \
                  /                  \
                  |      Kolin       |
                  |      892 Au      |
                  | killed by a rope |
                  |      golem       |
                  |                  |
                  |                  |
                  |       2026       |
                 *|     *  *  *      | *
        _________)/\\_//(\/(/\)/\//\/|_)_______

Farvel Kolin the Valkyrie...

You died in The Dungeons of Doom on dungeon level 7 with 5061 points,
and 892 pieces of gold, after 4066 moves.
You were level 7 with a maximum of 86 hit points when you died.

